 Dungeon Crawl Stone Soup version 0.31-a0-868-g674d60d6f7 (webtiles) character file.

Game seed: 7139764844406773407

10382 tatocazan the Cleaver (level 10, 0/86 HPs)
             Began as a Formicid Fighter on Oct 11, 2023.
             Was a Follower of Ru.
             Shot with an arrow by a centaur warrior (13 damage)
             ... on level 11 of the Dungeon.
             The game lasted 00:24:28 (17448 turns).

tatocazan the Cleaver (Formicid Fighter)           Turns: 17448, Time: 00:24:29

Health: 0/86       AC: 20    Str: 25    XL:     10   Next: 91%
Magic:  10/10      EV: 23    Int:  8    God:    Ru [*.....]
Gold:   579        SH:  6    Dex: 13    Spells: 9/9 levels left

rFire   . . .        n - +2 quarterstaff (spect)
rCold   . . .        c - +0 buckler
rNeg    . . .        p - +0 plate armour
rPois   .            (helmet unavailable)
rElec   .            w - +1 cloak
rCorr   .            (no gloves)
SInv    +            (no boots)
Will    +....        t - amulet of the acrobat Stlth
                     m - +4 ring of protection
HPRegen 0.34/turn    (no ring)
MPRegen 0.12/turn

%: acrobat
@: acrobatic
A: permanent stasis, dig shafts and tunnels, antennae 3, inexperienced 1, four
strong arms
a: Dig, Shaft Self, Renounce Religion


You were on level 11 of the Dungeon.
You worshipped Ru.
Ru was aware of your devotion.
You visited 1 branch of the dungeon, and saw 14 of its levels.

You collected 579 gold pieces.

Inventory:

Hand Weapons
 j - a +0 sling
 n - a +2 spectral quarterstaff (weapon)
 o - a +1 broad axe
 s - a +2 battleaxe of freezing
Missiles
 g - 4 throwing nets
Armour
 c - a +0 buckler (worn)
 p - a +0 plate armour (worn)
 w - a +1 cloak (worn)
Jewellery
 b - a +6 ring of intelligence
 m - a +4 ring of protection (left hand)
 t - an amulet of the acrobat (around neck)
 x - a ring of ice
 E - a ring of willpower
 G - an amulet of magic regeneration
 K - a ring of poison resistance
Talismans
 h - a serpent talisman
Wands
 u - a wand of charming (24)
 z - a wand of roots (2)
Scrolls
 a - 2 scrolls of vulnerability
 f - 2 scrolls of silence
 l - 3 scrolls of teleportation
 y - a scroll of poison
 A - a scroll of enchant armour
 H - 5 scrolls of identify
 I - 2 scrolls of immolation {unknown}
 J - a scroll of amnesia
 L - a scroll of torment
 N - a scroll of fog {unknown}
Potions
 e - 2 potions of lignification {unknown}
 i - 4 potions of brilliance
 q - a potion of mutation {unknown}
 r - a potion of enlightenment
 v - a potion of haste {unknown}
 B - a potion of degeneration
 M - a potion of attraction {unknown}


   Skills:
 * Level 10.8 Fighting
 * Level 11.2 Axes
 + Level 9.0 Armour
 + Level 4.4 Dodging
 - Level 8.6 Shields


You had 9 spell levels left.
You didn't know any spells.
Your spell library contained the following spells:

 Spells                   Type           Power      Damage    Failure   Level
 Lesser Beckoning         Tloc           0%         N/A       100%        2
 Momentum Strike          Conj/Tloc      0%         3d8       100%        2
 Poisonous Vapours        Pois/Air       0%         N/A       100%        2
 Inner Flame              Hex/Fire       0%         N/A       100%        3
 Mephitic Cloud           Conj/Pois/Air  0%         N/A       100%        3
 Freezing Cloud           Conj/Ice/Air   0%         6-21      100%        5
 Yara's Violent Unravell  Hex/Tmut       0%         3d3       100%        5
 Enfeeble                 Hex            0%         N/A       100%        7
 Blink                    Tloc           Unusable   N/A       N/A         2

Dungeon Overview and Level Annotations

Branches:
Dungeon (14/15)            Temple (0/1) D:7             Orc (0/2) D:10
   Lair: D:8-11      Vaults: D:13-14

Altars:
Cheibriados
Elyvilon
Fedhas
Kikubaaqudgha
Nemelex Xobeh
Okawaru
Ru
Sif Muna
Wu Jian
Yredelemnul
The Shining One

Shops:
D:1 [   D:9 !

Portals:
Trove: D:11 (give +6 ice dragon scales)

Annotations:
D:5 3 runed translucent doors, bchevrier's ghost, weakling GnWn


Innate Abilities, Weirdness & Mutations

You cannot be hasted, slowed, berserked, paralysed or teleported.
You can dig through walls and to a lower floor.
You have a pair of large antennae on your head. (SInv)
You are somewhat inexperienced. (-1 XL)
Your four strong arms can wield two-handed weapons with a shield.


Message History

The gnoll sergeant is heavily wounded.
The gnoll sergeant closely misses you.
The gnoll sergeant hits you but does no damage.
You hit the gnoll sergeant.
The gnoll sergeant is severely wounded.
The gnoll sergeant hits you but does no damage.
You sock the gnoll sergeant!
You kill the gnoll sergeant!
You flicker back into view.
The gnoll hits you but does no damage.
You sock the gnoll!
You kill the gnoll!
You sock the gnoll!
The gnoll is severely wounded.
The gnoll barely misses you.
You hit the gnoll.
The gnoll is almost dead.
The gnoll hits you but does no damage.
You hit the gnoll.
You kill the gnoll!
The gnoll throws a throwing net.
The throwing net barely misses you.
You hit the gnoll.
The gnoll is moderately wounded.
You block the gnoll's attack.
You hit the gnoll.
The gnoll is moderately wounded.
The gnoll hits you but does no damage.
You regained 2 hp, and now have 26/86 hp.
You sock the gnoll!
You kill the gnoll!
g - 4 throwing nets (gained 1)
Items here: ))))) [[ ††††.
A centaur warrior comes into view.
The centaur warrior shouts!
The centaur warrior wields a +0 shortbow.
The centaur warrior shoots an arrow.
The arrow hits you!
* * * LOW HITPOINT WARNING * * *
You take 15 damage, and have 13/86 hp.
The centaur warrior shoots an arrow.
The arrow hits you!
You die...

#.# #########.# ...
########.# .. #.#.#
#.. ...>..##.# .#
#.#.# #..
.####.##.########.#
#.#.# #..
.......#........(.#
#.#.######.#
.......#########'##
#.#....... .#####.#
#8)8# #.#....{{.
#......# #8.8#
##.#..^....
)......# #.#.#8@8#
{#........#.
#.####.# #c.'...+
##.#.###.#. #.# #.#
#...##8## #.#.#
#.#. #.####.# #+##
### #.#.###.#.
#..<...# #.....#.##
.####### {
#.#.#.#.## .....#
#.#...#~≈≈
.....######{
{##≈~~~.~~≈≈
~~~......≈#
###≈≈~~~~~.#≈


You could see a centaur warrior.

Vanquished Creatures
  A two-headed ogre (D:8)
  Nergalle (D:11)
  A manticore (D:11)
  A kobold demonologist (D:11)
  An unseen horror (D:11)
  A troll (D:11)
  A shadow (D:11)
  A vampire (D:10)
  Eustachio (D:6)
  16 yaks
  A wraith (D:12)
  A steam dragon (D:7)
  Edmund (D:6)
  A water moccasin (D:7)
  An acid dragon (D:10)
  3 ice beasts
  3 sky beasts
  5 orc warriors
  2 ogres
  3 wolves (D:10)
  A phantom (D:7)
  2 bullfrogs
  A gnoll sergeant (D:11)
  4 kobold brigands
  4 scorpions
  15 wights
  14 killer bees
  2 electric eels
  4 hounds
  4 jellies
  A gnoll bouda (D:9)
  2 orc priests
  2 sleepcaps (D:4)
  3 iguanas
  6 orc wizards
  23 gnolls
  7 adders
  3 white imps
  An ufetubus (D:5)
  2 worms (D:2)
  2 dart slugs (D:1)
  38 orcs
  5 bats
  8 endoplasms
  6 giant cockroaches
  26 goblins
  33 hobgoblins
  7 jackals
  3 quokkas
  5 ball pythons
  4 frilled lizards
  32 kobolds
  A rat (D:1)
317 creatures vanquished.

Vanquished Creatures (others)
  2 spectral weapons
2 creatures vanquished.

Grand Total: 319 creatures vanquished

Notes
Turn   | Place    | Note
-------+----------+-------------------------------------------
     0 | D:1      | tatocazan the Formicid Fighter began the quest for the Orb.
     0 | D:1      | Reached XP level 1. HP: 18/18 MP: 1/1
    40 | D:1      | Found Egguibuyto's Antique Armour Boutique.
   191 | D:1      | Reached XP level 2. HP: 24/24 MP: 2/2
   357 | D:1      | Reached XP level 3. HP: 29/29 MP: 3/3
   462 | D:1      | Found a faded altar of an unknown god.
  1073 | D:2      | Reached XP level 4. HP: 18/37 MP: 4/4
  1787 | D:2      | Reached skill level 3 in Axes
  2223 | D:3      | Reached XP level 5. HP: 31/42 MP: 5/5
  3127 | D:4      | Reached skill level 5 in Shields
  3425 | D:4      | Found a basalt altar of Yredelemnul.
  3440 | D:4      | Reached skill level 4 in Axes
  3440 | D:4      | Reached XP level 6. HP: 48/49 MP: 6/6
  3542 | D:4      | Reached XP level 7. HP: 46/55 MP: 7/7
  4002 | D:5      | Entered Level 5 of the Dungeon
  4051 | D:5      | Reached skill level 5 in Axes
  4109 | D:5      | Noticed bchevrier's ghost (weakling GnWn)
  4117 | D:5      | Found a runed translucent gate.
  4117 | D:5      | Found a runed translucent gate.
  4118 | D:5      | Found a runed translucent gate.
  4277 | D:5      | Reached skill level 5 in Armour
  4303 | D:5      | Reached skill level 5 in Fighting
  4359 | D:5      | Reached XP level 8. HP: 25/62 MP: 8/8
  4737 | D:5      | Found a sparkling altar of Nemelex Xobeh.
  5784 | D:5      | Found an ornate altar of the Wu Jian Council.
  5888 | D:6      | Noticed Edmund
  5900 | D:6      | Killed Edmund
  5912 | D:5      | Reached skill level 6 in Axes
  7009 | D:6      | Reached XP level 9. HP: 69/69 MP: 9/9
  7056 | D:6      | Reached skill level 7 in Axes
  7792 | D:6      | Noticed Eustachio
  7794 | D:6      | Found a sacrificial altar of Ru.
  7805 | D:6      | Killed Eustachio
  7854 | D:6      | Found a blossoming altar of Fedhas.
  7854 | D:6      | Found a white marble altar of Elyvilon.
  7865 | D:6      | Found a glowing golden altar of the Shining One.
  7868 | D:6      | Found an iron altar of Okawaru.
  7963 | D:6      | Reached skill level 8 in Axes
  8015 | D:6      | Became a worshipper of Ru the Awakened
  8626 | D:7      | Reached XP level 10. HP: 79/79 MP: 10/10
  8647 | D:7      | Reached skill level 1 in Dodging
  9306 | D:7      | Reached skill level 9 in Axes
  9312 | D:7      | You fall into a shaft and drop 1 floor!
  9914 | D:8      | Noticed a two-headed ogre
 10032 | D:7      | Found a staircase to the Ecumenical Temple.
 10531 | D:8      | Killed a two-headed ogre
 10742 | D:8      | Found a shimmering blue altar of Sif Muna.
 10745 | D:8      | Found a snail-covered altar of Cheibriados.
 10748 | D:8      | Found an ancient bone altar of Kikubaaqudgha.
 10855 | D:8      | Identified the +1 ring mail "Zanewa Vimi" {rC- Str+5}
 11519 | D:9      | HP: 3/78 [poisoned by a killer bee]
 11752 | D:9      | Found Metoibbo's Distillery.
 12425 | D:9      | Noticed a cyclops
 12428 | D:9      | You fall into a shaft and drop 3 floors!
 12688 | D:11     | Found a portal to a secret trove of treasure.
 12742 | D:11     | Noticed Nergalle
 12745 | D:10     | Entered Level 10 of the Dungeon
 12921 | D:10     | Reached XP level 11. HP: 66/83 MP: 11/11
 12991 | D:10     | Found a staircase to the Orcish Mines.
 13003 | D:10     | Reached skill level 10 in Axes
 13633 | D:10     | Noticed a two-headed ogre
 13654 | D:10     | You fall into a shaft and drop 1 floor!
 14231 | D:11     | HP: 4/88 [yak (11)]
 14262 | D:11     | Reached skill level 10 in Fighting
 14570 | D:11     | HP: 4/90 [yak (13)]
 15373 | D:11     | You fall into a shaft and drop 3 floors!
 15955 | D:13     | Gained mutation: You are somewhat inexperienced. (-1 XL)
                  | [Ru sacrifice]
 15955 | D:13     | Reached XP level 10. HP: 85/85 MP: 10/10
 15955 | D:13     | Reached * piety under Ru
 15994 | D:12     | Identified the staff of Vanity {rF+ Str+5 Fire}
 16131 | D:12     | Noticed a boulder beetle
 16159 | D:11     | Killed Nergalle
 16313 | D:11     | Reached skill level 11 in Axes
 17411 | D:11     | Noticed a manticore
 17431 | D:11     | Killed a manticore
 17447 | D:11     | Noticed a centaur warrior
 17448 | D:11     | Shot with an arrow by a centaur warrior

Illustrated notes

Levels and vault maps discovered:
D:1:      onia_arrival_pyramid, layout_loops_ring, serial_shops,
          nicolae_shop_waterfront, hellmonk_ecumenical_altar_prayer_group
D:2:      layout_loops_corners
D:3:      layout_loops_corners, kennysheep_pointless_box
D:4:      minmay_evil_eye, layout_cave_pools, kennysheep_mini_moat
D:5:      layout_basic, lemuel_doored_altar, nzn_wu_jian_contemplation,
          gammafunk_ghost_split, minivault_23, chequers_serial_rivers_micro_c
D:6:      minmay_goblin_kobold_castle, layout_rooms,
          minmay_overflow_temple_star_hex, uniq_eustachio, uniq_edmund
D:7:      layout_loops_ring, minmay_temple_entry_glassed_door,
          corexii_item_surrounded_by_moat
D:8:      layout_basic, grunt_temple_overflow_diamond
D:9:      layout_roguey, nicolae_stop_n_shop_2
D:10:     layout_roguey, hellmonk_lair_entry_icy, david_orc_2, serial_bayou,
          serial_bayou_pond_a, serial_bayou_pond_d, serial_bayou_shore_b,
          serial_bayou_pond_b, serial_bayou_pond_e, serial_bayou_pond_c,
          small_statue_intersection
D:11:     minmay_chambers_of_sevens, layout_basic, nicolae_trove_entry_isolated,
          uniq_nergalle
D:12:     layout_cave_pods, hangedman_decor_opposing, minmay_checkerbox
D:13:     layout_grid_maze, uniq_maurice
D:14:     layout_gridville, lightli_vaults_fourway_checkpoint, grunt_decor_cap,
          minmay_fountain_box, uniq_nessos

Skill      XL: |  1  2  3  4  5  6  7  8  9 10 11 |
---------------+----------------------------------+-----
Axes           | 3 4 5 6 8 11 10 | 11.2
Armour         | 4 5 6 7 9 |  9.0
Fighting       | 4 5 6 7 9 10 | 10.8
Shields        | 5 6 7 8 |  8.6
Dodging        | 4 3 |  4.4

Action                     |  1- 3 |  4- 6 |  7- 9 | 10-12 || total
---------------------------+-------+-------+-------+-------++-------
  Melee: War axe           |   102 |     9 |       |       ||   111
         Quarterstaff      |       |    98 |   337 |   565 ||  1000
 Invoke: Sacrifice Experie |       |       |       |     1 ||     1
         Reject Sacrifices |       |       |       |     1 ||     1
Ability: Shaft Self        |       |       |       |     4 ||     4
         Dig               |       |       |       |     3 ||     3
  Evoke: Wand              |       |       |       |     8 ||     8
    Use: Scroll            |       |       |     9 |     2 ||    11
         Potion            |       |       |       |    16 ||    16
   Stab: Distracted        |       |     1 |     2 |     2 ||     5
         Invisible         |       |       |       |     2 ||     2
 Armour: Scale mail        |    71 |     9 |       |       ||    80
         Plate armour      |       |    68 |   349 |   652 ||  1069
  Dodge: Dodged            |    47 |    45 |   190 |   272 ||   554
  Block: Buckler           |    24 |    23 |   115 |   210 ||   372

Table legend: (Time is in decaauts)
 A = Elapsed time spent in this place.
 B = Non-inter-level travel time spent in this place.
 C = Inter-level travel time spent in this place.
 D = Time resting spent in this place.
 E = Time spent auto-exploring this place.
 F = Levels seen in this place.
 G = Mean time per level.
                   A        B        C        D        E       F      G
               +--------+--------+--------+--------+--------+-----+--------+
         Total |  17829 |  17546 |    283 |   8730 |   6181 |  14 | 1273.5 |
       Dungeon |  17829 |  17546 |    283 |   8730 |   6181 |  14 | 1273.5 |
               +--------+--------+--------+--------+--------+-----+--------+

Top non-repeatable levels by time:
    D:11: 3215 daAuts
     D:5: 2544 daAuts
     D:6: 2019 daAuts
     D:8: 1609 daAuts
     D:7: 1455 daAuts
     D:2: 1412 daAuts
     D:3: 1019 daAuts
     D:9: 979 daAuts
    D:10: 953 daAuts
     D:4: 899 daAuts
     D:1: 752 daAuts
    D:14: 505 daAuts
    D:12: 380 daAuts
    D:13: 81 daAuts
